 Dungeon Crawl Stone Soup version 0.24.0-37-gcf1ca852f1 (webtiles) character file.

Game seed: 16904395964763539629, levelgen mode: deterministic

105203 Goblin1989 the Whirler (level 16, -6/114 HPs)
             Began as a Halfling Hunter on Dec 2, 2019.
             Was a High Priest of Okawaru.
             Killed by divine providence
             ... invoked by a meliai
              (12 damage)
             ... on level 12 of the Dungeon on Dec 3, 2019.
             The game lasted 01:30:46 (26683 turns).

Goblin1989 the Whirler (Halfling Hunter)           Turns: 26683, Time: 01:30:47

Health: -6/114     AC: 20    Str: 22    XL:     16   Next: 95%
Magic:  32/32      EV: 26    Int:  9    God:    Okawaru [*****.]
Gold:   1721       SH: 13    Dex: 17    Spells: 15/15 levels left

rFire    . . .     SeeInvis +   a - +5 fustibalus of Generosity {god gift, velocity, *Corrode rN++}
rCold    + . .     Gourm    .   n - +0 shield
rNeg     + + .     Faith    .   s - +7 scale mail of Itixiph {MP+9 SInv}
rPois    .         Spirit   .   u - +1 helmet {SInv} {god gift}
rElec    +         Reflect  .   (no cloak)
rCorr    .         Harm     .   (no gloves)
MR       +....                  y - +1 pair of boots {Fly} {god gift}
Stlth    +.........             g - amulet of the Air {Inacc +Fly rElec EV+5 RMsl}
HPRegen  0.29/turn              X - ring of protection from cold
MPRegen  0.23/turn              R - +4 ring of strength

@: flying, studying Fighting, repel missiles
A: small, mutation resistance 1
a: Heroism, Finesse, Renounce Religion, Stop Flying


You were on level 12 of the Dungeon.
You worshipped Okawaru.
Okawaru was extremely pleased with you.
You were very hungry.

You visited 4 branches of the dungeon, and saw 24 of its levels.
You also visited: Bailey and Ice Cave.

You collected 2299 gold pieces.
You spent 578 gold pieces at shops.

Inventory:

Hand Weapons
 a - the +5 fustibalus of Generosity (weapon) {god gift, velocity, *Corrode rN++}
   (Okawaru gifted it to you on level 2 of the Lair of Beasts)

   Any stone fired from it inflicts extra damage.
   It greatly protects you from negative energy.
   It may corrode you when you take damage.
 b - the +4 scimitar "Pely" {chaos, rPois}
   (You subdued it on level 5 of the Lair of Beasts)

   Each time it hits an enemy it has a different, random effect.
   It protects you from poison.
 i - a +1 fustibalus of freezing {god gift}
Missiles
 d - 171 sling bullets
 k - 84 stones (quivered) {@Q3}
 Z - a throwing net {!d , @Q1}
Armour
 n - a +0 shield (worn)
 s - the +7 scale mail of Itixiph (worn) {MP+9 SInv}
   (You found it on level 10 of the Dungeon)

   It affects your magic capacity (+9).
   It lets you see invisible.
 u - a +1 helmet of see invisible (worn) {god gift}
 y - a +1 pair of boots of flying (worn) {god gift}
 O - a +2 chain mail of fire resistance {god gift}
Jewellery
 c - an uncursed ring of protection from cold
 g - the amulet of the Air (around neck) {Inacc +Fly rElec EV+5 RMsl}
   (You found it on level 6 of the Lair of Beasts)

   [amulet of inaccuracy]

   It reduces the accuracy of all your attacks.
   It affects your evasion (+5).
   It insulates you from electricity.
   It lets you fly.
   It protects you from missiles.
 P - an uncursed ring of fire
 R - a +4 ring of strength (right hand)
 X - a ring of protection from cold (left hand)
Wands
 q - a wand of digging (6) {@v1}
 G - a wand of acid (6) {@v2}
 Q - a wand of paralysis (5) {@v7}
 W - a wand of iceblast (17) {@v4}
Scrolls
 o - 2 scrolls of enchant armour
 r - 4 scrolls of remove curse {@r3}
 v - 2 scrolls of enchant weapon
 D - 2 scrolls of fear
 I - 3 scrolls of immolation
 L - 4 scrolls of silence
 M - 3 scrolls of magic mapping
 N - a scroll of brand weapon
 S - 2 scrolls of fog
 T - 5 scrolls of teleportation {!r, @r2}
 U - a scroll of holy word
Potions
 h - a potion of cancellation
 t - a potion of mutation {!q}
 w - 2 potions of haste
 z - a potion of might {@q4}
 A - 2 potions of lignification
 B - 2 potions of agility
 C - 3 potions of curing {@q1}
 F - a potion of ambrosia
 K - 3 potions of heal wounds {@q2}
 V - a potion of brilliance
Books
 E - a manual of Fighting
Miscellaneous
 m - a fan of gales
 p - a box of beasts
 Y - a lamp of fire
Comestibles
 e - 28 rations


   Skills:
 + Level 11.9 Fighting
 + Level 18.4 Slings
 + Level 10.9 Armour
 + Level 13.7 Dodging
 - Level 1.1 Stealth
 + Level 11.2 Shields
 - Level 10.0 Invocations


You had 15 spell levels left.
You didn't know any spells.
Your spell library contained the following spells:

 Spells                   Type           Power        Failure   Level  Hunger
 Animate Skeleton         Necr           N/A          91%         1    ##.....
 Apportation              Tloc           #.....       91%         1    ##.....
 Beastly Appendage        Tmut           #.....       91%         1    ##.....
 Confusing Touch          Hex            #.....       91%         1    ##.....
 Summon Small Mammal      Summ           #...         91%         1    ##.....
 Call Imp                 Summ           #.......     97%         2    ###....
 Poisonous Vapours        Pois/Air       #.....       97%         2    ###....
 Sticks to Snakes         Tmut           #.......     97%         2    ###....
 Call Canine Familiar     Summ           #.......     100%        3    ####...
 Conjure Flame            Conj/Fire      #.......     100%        3    ####...
 Mephitic Cloud           Conj/Pois/Air  #.......     100%        3    ####...
 Spider Form              Tmut/Pois      #.........   100%        3    ####...
 Summon Guardian Golem    Hex/Summ       #.......     100%        3    ####...
 Ice Form                 Ice/Tmut       #.......     100%        4    #####..
 Summon Ice Beast         Ice/Summ       #.......     100%        4    #####..
 Summon Lightning Spire   Summ/Air       #.......     100%        4    #####..
 Blade Hands              Tmut           #.........   100%        5    ######.
 Bolt of Magma            Conj/Fire/Erth #.........   100%        5    ######.
 Iskenderun's Battlesphe  Conj/Chrm      #.......     100%        5    ######.
 Venom Bolt               Conj/Pois      #.........   100%        5    ######.
 Freezing Cloud           Conj/Ice/Air   #.........   100%        6    #######
 Iron Shot                Conj/Erth      #.........   100%        6    #######
 Orb of Destruction       Conj           #.........   100%        7    #######
 Ring of Flames           Chrm/Fire      #.........   100%        7    #######
 Spellforged Servitor     Conj/Summ      #.........   100%        7    #######


Dungeon Overview and Level Annotations

Branches:
Dungeon (15/15)            Temple (1/1) D:6            Lair (6/6) D:11
  Swamp (0/4) Lair:4        Snake (0/4) Lair:4        Slime (0/5) Lair:5
    Orc (2/2) D:10            Elf (0/3) Orc:2        Bailey (visited)
  IceCv (visited)
 Vaults: D:13-14     Depths: D:15

Altars:
Ashenzari
Cheibriados
Dithmenos
Elyvilon
Fedhas
Gozag
Hepliaklqana
Makhleb
Okawaru
Qazlal
Ru
Sif Muna
Trog
Uskayaw
Vehumet
Wu Jian
Xom
Yredelemnul
Zin
The Shining One
Beogh

Shops:
D:6 }([(*   Orc:2 *(!**

Portals:
Trove: D:12 (give 8 potions of agility)

Annotations:
D:8 1 runed translucent door, p0werm0de's ghost, journeyman VSWn
D:9 2 transporters, Nilihum's ghost, novice DEWz
D:11 1 runed translucent door
D:12 2 transporters
D:13 Rupert
D:15 Louise
Lair:5 exclusion: oklob plant
Orc:2 3 runed translucent doors, TsetAccount's ghost, journeyman MiFi


Innate Abilities, Weirdness & Mutations

You are small and have problems with some larger weapons.
You are somewhat resistant to further mutation.


Message History

The stone {@Q3} completely misses the meliai.
You block the meliai's attack. The meliai misses you.
The meliai calls down the wrath of its god upon you.
Something smites you! The meliai completely misses you. x2
You take 12 damage, and have 92/114 hp.
Firing (i - inventory. (/) - cycle)
k - 85 stones (quivered)
{@Q3}
Press: ? - help, Shift-Dir - straight line, f/p - meliai
Aim: a meliai, wielding a +0 hand axe and wearing a +0 robe (severely wounded)
You shoot a stone {@Q3}.
The stone {@Q3} hits the meliai but does no damage.
The meliai is severely wounded.
The meliai calls upon its god to heal the meliai.
The meliai is healed somewhat.
The meliai barely misses you. The meliai stings you.
You block the meliai's attack. The meliai completely misses you.
You take 6 damage, and have 86/114 hp.
The meliai completely misses you. You block the meliai's attack.
The meliai completely misses you. You block the meliai's attack.
The meliai misses you. The meliai closely misses you.
The meliai barely misses you. The meliai misses you.
The meliai completely misses you. x2
The meliai calls upon its god to heal the meliai.
The meliai is healed somewhat.
The meliai hits you but does no damage.
The meliai stings you but does no damage.
The meliai calls down the wrath of its god upon you.
Something smites you! You block the meliai's attack. x3
The meliai stings you.
You take 19 damage, and have 68/114 hp.
The meliai completely misses you. The meliai misses you.
You block the meliai's attack. x2; The meliai hits you with a +0 hand axe.
The meliai misses you.
You take 4 damage, and have 64/114 hp.
The meliai completely misses you. The meliai stings you.
You are poisoned.
The meliai poisons you! You block the meliai's attack. x2
The meliai hits you but does no damage. The meliai misses you.
You feel sick. The meliai closely misses you. The meliai stings you.
You block the meliai's attack. The meliai completely misses you.
You block the meliai's attack. The meliai closely misses you.
You take 6 damage, and have 58/114 hp.
You feel sick. The meliai closely misses you. The meliai completely misses you.
The meliai mumbles some strange prayers to its god against you.
Something smites you!
* * * LOW HITPOINT WARNING * * *
You take 13 damage, and have 45/114 hp.
You feel sick. You block the meliai's attack.
The meliai stings you but does no damage.
You take 2 damage, and have 43/114 hp.
You feel sick. The meliai barely misses you. The meliai closely misses you.
You see here a +0 mace.
You feel sick. The meliai completely misses you. The meliai barely misses you.
You block the meliai's attack. x2
There is a stone staircase leading up here.
You take 1 damage, and have 42/114 hp.
You feel sick. You block the meliai's attack.
The meliai stings you but does no damage.
You block the meliai's attack. The meliai misses you.
The meliai hits you but does no damage. The meliai closely misses you.
The meliai mumbles some strange prayers to its god against you.
Something smites you!
* * * LOW HITPOINT WARNING * * *
The meliai closely misses you. The meliai misses you.
The meliai barely misses you. The meliai stings you.
* * * LOW HITPOINT WARNING * * *
You are more poisoned.
The meliai poisons you!
You fly upwards.
Level annotation: 2 transporters
* * * LOW HITPOINT WARNING * * *
You feel very sick.
There is a stone staircase leading down here.
Unknown command.
You take 17 damage, and have 25/114 hp.
You feel better. The meliai completely misses you. The meliai misses you.
The meliai closely misses you. You block the meliai's attack. x3
The meliai hits you with a +0 hand axe!
* * * LOW HITPOINT WARNING * * *
The meliai stings you but does no damage.
The meliai hits you but does no damage. The meliai barely misses you.
You block the meliai's attack. x2; The meliai closely misses you.
The meliai stings you but does no damage.
The meliai closely misses you. The meliai completely misses you.
The meliai hits you with a +0 war axe.
* * * LOW HITPOINT WARNING * * *
The meliai closely misses you.
You take 2 damage, and have 24/114 hp.
You block the meliai's attack. The meliai completely misses you.
The meliai mumbles some strange prayers to its god against you.
Something smites you!
* * * LOW HITPOINT WARNING * * *
The meliai zaps a wand.
The mass of ice explodes!
The iceblast engulfs you but does no damage.
You take 15 damage, and have 9/114 hp.
The meliai hits you with a +0 hand axe.
* * * LOW HITPOINT WARNING * * *
The meliai closely misses you. You block the meliai's attack.
The meliai completely misses you.
The meliai mumbles some strange prayers to its god against you.
Something smites you!
You die...

██................██..█
█.................██..█
█........(...(...███..█
█.......[)...>.y.███.██
███.......(...█..███.)█
█........)....█..██..)███
██...........█...██.....██
█.......yy..█...█.......█
███.....@y.█....█........
████..█████.█████....██


████ ███ ██████ You could see 3 meliai.

Vanquished Creatures
  Gastronok (D:9)
  A frost giant (IceCv)
  An orc warlord (Orc:2)
  Nessos (D:12)
  A dire elephant (Lair:6)
  An ettin (Orc:2)
  The ghost of grindst0ne the Peltast, a journeyman TeWn of Qazlal (Lair:5)
  Harold (D:9)
  8 hydras
  A merfolk avatar (Lair:6)
  A two-headed ogre (D:9)
  A dancing weapon (Lair:5)
  3 death yaks (Lair:3)
  2 orc high priests (Orc:2)
  Urug (Lair:6)
  An unseen horror (D:11)
  2 harpies (Lair:6)
  3 orc knights (Orc:1)
  5 orc sorcerers (Orc:2)
  2 ugly things (D:11)
  2 elephants (Lair:6)
  An ice statue (IceCv)
  2 cyclopes
  3 gargoyles
  8 spiny frogs
  6 rime drakes (Lair:6)
  12 komodo dragons
  A yaktaur (D:12)
  4 trolls
  A wind drake (Lair:6)
  21 polar bears
  6 hornets
  A tyrant leech (Lair:4)
  21 dream sheep
  11 blink frogs
  4 slime creatures (D:12)
  8 hippogriffs
  A shadow (D:11)
  Sigmund (D:3)
  43 yaks
  6 wyverns
  A human (D:7)
  Grum (D:10)
  3 basilisks
  3 hogs (D:7)
  3 wargs
  3 nagas (Lair:4)
  2 swamp worms (Lair:4)
  14 water moccasins
  2 acid dragons
  13 porcupines
  37 orc warriors
  3 ice beasts
  2 black bears
  4 sky beasts
  An eye of draining (D:12)
  2 necrophages
  3 phantoms
  6 ogres
  11 centaurs
  23 wolves
  9 crocodiles
  A big kobold (D:11)
  11 bullfrogs
  A gnoll sergeant (Orc:1)
  A wyvern zombie (D:11)
  4 scorpions
  12 killer bees
  13 wights
  2 howler monkeys
  3 centaur zombies
  4 crimson imps
  A quasit (D:9)
  5 jellies
  A bullfrog zombie (D:12)
  3 hounds
  16 orc priests
  3 bullfrog skeletons
  37 orc wizards
  Terence (D:2)
  3 iguanas
  7 worker ants
  A killer bee zombie (D:5)
  2 hound skeletons (D:9)
  4 gnolls (Orc:1)
  18 adders
  2 shadow imps
  6 oozes
  3 dart slugs (D:1)
  6 leopard geckos
  106 orcs
  4 giant cockroaches
  15 goblins
  4 hobgoblins
  8 jackals
  13 kobolds
  7 quokkas
  A ball python (D:5)
  6 bats
  4 frilled lizards
  2 jackal zombies (D:6)
  A quokka zombie (D:6)
  7 rats
  A fungus (Lair:6)
697 creatures vanquished.

Vanquished Creatures (others)
  A basilisk (Lair:5)
  A bush (Lair:2)
  13 fungi
  19 plants
34 creatures vanquished.

Grand Total: 731 creatures vanquished

Notes
Turn   | Place    | Note
-------+----------+-------------------------------------------
     0 | D:1      | Goblin1989 the Halfling Hunter began the quest for the Orb.
     0 | D:1      | Reached XP level 1. HP: 14/14 MP: 1/1
    55 | D:1      | Reached skill level 6 in Slings
    99 | D:1      | Reached XP level 2. HP: 19/19 MP: 2/2
   328 | D:1      | Reached XP level 3. HP: 24/24 MP: 3/3
   747 | D:2      | Reached XP level 4. HP: 30/30 MP: 4/4
   779 | D:2      | Noticed Terence
   826 | D:2      | Reached skill level 7 in Slings
   890 | D:2      | Found a shadowy altar of Dithmenos.
  1107 | D:2      | Killed Terence
  1107 | D:2      | Reached XP level 5. HP: 17/35 MP: 5/5
  1510 | D:3      | Found a radiant altar of Vehumet.
  1510 | D:3      | Found a snail-covered altar of Cheibriados.
  1511 | D:3      | Found a bloodstained altar of Trog.
  1567 | D:3      | Noticed Sigmund
  1771 | D:3      | Reached skill level 13 in Slings
  1771 | D:3      | Reached XP level 6. HP: 46/46 MP: 6/6
  1797 | D:3      | Killed Sigmund
  1797 | D:3      | Reached XP level 7. HP: 51/52 MP: 7/7
  2606 | D:4      | Reached skill level 14 in Slings
  2956 | D:4      | Reached skill level 1 in Shields
  2956 | D:4      | Reached XP level 8. HP: 43/58 MP: 8/8
  3356 | D:4      | Found a burning altar of Makhleb.
  3356 | D:4      | Noticed a cacodemon
  3360 | D:4      | Noticed a ynoxinul
  3360 | D:4      | Noticed an orange demon
  3489 | D:5      | Entered Level 5 of the Dungeon
  4255 | D:5      | Found a hide-covered altar of Uskayaw.
  4681 | D:6      | Reached XP level 9. HP: 63/63 MP: 9/9
  4775 | D:6      | Found Educw's Antique Weapon Boutique.
  4975 | D:6      | Found a staircase to the Ecumenical Temple.
  4982 | Temple   | Entered the Ecumenical Temple
  5178 | Temple   | Became a worshipper of Warmaster Okawaru
  5205 | D:6      | Found Toackab's Armour Boutique.
  5284 | D:6      | Found Upses's Gadget Shop.
  5294 | D:6      | Found Raczeghe's Antique Weapon Emporium.
  5380 | D:6      | Found Syazaick's Assorted Antiques.
  5388 | D:6      | Bought a scroll labeled UGO CAUMESHREN for 22 gold pieces
  5388 | D:6      | Bought a scroll labeled KEZAYF IHYLUSM for 22 gold pieces
  5388 | D:6      | Bought a glowing hunting sling for 99 gold pieces
  5388 | D:6      | Bought a golden potion for 19 gold pieces
  5388 | D:6      | Bought a scroll labeled MAICIT CAHI for 22 gold pieces
  5388 | D:6      | Bought a scroll labeled JIKLEA XYNG for 22 gold pieces
  5480 | D:6      | Reached skill level 1 in Armour
  5986 | D:7      | Reached * piety under Okawaru
  6217 | D:7      | Found a shadowy altar of Dithmenos.
  6217 | D:7      | Found an opulent altar of Gozag.
  6451 | D:7      | Reached ** piety under Okawaru
  6451 | D:7      | Reached XP level 10. HP: 32/71 MP: 8/10
  6840 | D:8      | Found a glowing silver altar of Zin.
  7196 | D:8      | Reached skill level 1 in Invocations
  7608 | D:8      | Found a runed translucent door.
  7797 | D:8      | Noticed p0werm0de's ghost (journeyman VSWn)
  7884 | D:9      | Noticed Gastronok
  7927 | D:9      | Killed Gastronok
  7927 | D:9      | Reached *** piety under Okawaru
  7927 | D:9      | Received a gift from Okawaru
  7927 | D:9      | Reached **** piety under Okawaru
  7927 | D:9      | Reached skill level 5 in Shields
  7927 | D:9      | Reached XP level 11. HP: 77/77 MP: 11/13
  7973 | D:9      | Found a transporter.
  7981 | D:9      | Noticed Harold
  8014 | D:9      | Killed Harold
  8144 | D:9      | Received a gift from Okawaru
  8218 | D:9      | Reached skill level 5 in Armour
  8230 | D:9      | Noticed a two-headed ogre
  8241 | D:9      | Killed a two-headed ogre
  8241 | D:9      | Reached ***** piety under Okawaru
  8241 | D:9      | Reached skill level 10 in Dodging
  8442 | D:9      | Found a transporter.
  8442 | D:9      | Noticed Nilihum's ghost (novice DEWz)
  9073 | D:10     | Entered Level 10 of the Dungeon
  9731 | D:10     | Noticed Grum
  9745 | D:10     | Killed Grum
  9887 | D:10     | Got a brightly glowing scale mail
  9915 | D:10     | Identified the +7 scale mail of Itixiph {MP+9 SInv} (You
                  | found it on level 10 of the Dungeon)
 10214 | D:10     | Found a roughly hewn altar of Beogh.
 10214 | D:10     | Found a staircase to the Orcish Mines.
 10519 | D:10     | Received a gift from Okawaru
 10849 | D:11     | Received a gift from Okawaru
 10959 | D:11     | Reached skill level 15 in Slings
 11031 | D:11     | Found a staircase to the Lair.
 11092 | D:11     | Noticed a cyan ugly thing
 11100 | D:11     | Reached XP level 12. HP: 82/84 MP: 15/15
 11580 | D:11     | Found a runed translucent door.
 11580 | D:11     | Noticed an unseen horror
 11589 | D:11     | Killed an unseen horror
 11620 | D:11     | Noticed a swamp dragon
 11620 | D:11     | a moth of wrath changed into a swamp dragon
 11621 | D:11     | Noticed a shock serpent
 11621 | D:11     | a swamp dragon changed into a shock serpent
 11880 | Lair:1   | Entered Level 1 of the Lair of Beasts
 12059 | Lair:1   | Reached skill level 5 in Invocations
 12300 | Lair:1   | Found a snail-covered altar of Cheibriados.
 12346 | Lair:1   | Received a gift from Okawaru
 13783 | Lair:2   | Noticed a five-headed hydra
 13794 | Lair:2   | Killed a five-headed hydra
 13823 | Lair:2   | Reached XP level 13. HP: 91/91 MP: 17/17
 14089 | Lair:2   | Received a gift from Okawaru
 14089 | Lair:2   | Reached skill level 16 in Slings
 14092 | Lair:2   | Got a pitted fustibalus {god gift}
 14093 | Lair:2   | Identified the +5 fustibalus of Generosity {god gift,
                  | velocity, *Corrode rN++} (Okawaru gifted it to you on level
                  | 2 of the Lair of Beasts)
 14762 | Lair:3   | Reached skill level 10 in Fighting
 15303 | Lair:3   | Received a gift from Okawaru
 15559 | Lair:4   | Noticed a five-headed hydra
 15571 | Lair:4   | Killed a five-headed hydra
 15646 | Lair:4   | Noticed a four-headed hydra
 15652 | Lair:4   | Killed a four-headed hydra
 16115 | Lair:4   | Found a staircase to the Snake Pit.
 16459 | Lair:4   | Noticed a six-headed hydra
 16464 | Lair:4   | Noticed a four-headed hydra
 16466 | Lair:4   | Killed a six-headed hydra
 16479 | Lair:4   | Killed a four-headed hydra
 16533 | Lair:4   | Found a staircase to the Swamp.
 16716 | Lair:5   | Reached XP level 14. HP: 99/99 MP: 20/20
 16954 | Lair:5   | Found a staircase to the Slime Pits.
 17120 | Lair:5   | Identified the +4 scimitar "Pely" {chaos, rPois}
 17121 | Lair:5   | Found a runed translucent door.
 17121 | Lair:5   | Found a shimmering altar of Xom.
 17121 | Lair:5   | Noticed grindst0ne's ghost (journeyman TeWn)
 17172 | Lair:5   | Killed grindst0ne's ghost
 17601 | Lair:6   | Entered Level 6 of the Lair of Beasts
 17648 | Lair:6   | Received a gift from Okawaru
 17648 | Lair:6   | Reached skill level 17 in Slings
 17665 | Lair:6   | Noticed Urug
 17673 | Lair:6   | Killed Urug
 17746 | Lair:6   | Received a gift from Okawaru
 17820 | Lair:6   | Reached ****** piety under Okawaru
 18471 | Lair:6   | Received a gift from Okawaru
 19037 | Lair:6   | Noticed a dire elephant
 19066 | Lair:6   | Killed a dire elephant
 19431 | Lair:6   | Found the +5 scythe "Finisher" {speed, eviscerate}
 19565 | Lair:6   | Found the amulet of the Air {Inacc +Fly rElec EV+5 RMsl}
 20356 | Orc:1    | Entered Level 1 of the Orcish Mines
 20381 | Orc:1    | Reached XP level 15. HP: 106/106 MP: 22/22
 21060 | Orc:2    | Entered Level 2 of the Orcish Mines
 21422 | Orc:2    | Paralysed by an orc sorcerer for 2 turns
 21556 | Orc:1    | Reached skill level 10 in Armour
 21780 | Orc:2    | Noticed an orc warlord
 21796 | Orc:2    | Killed an orc warlord
 21914 | Orc:2    | Found a staircase to the Elven Halls.
 22540 | Orc:2    | Found Womu's Antique Weapon Shoppe.
 22540 | Orc:2    | Found Ycoewump's General Store.
 22540 | Orc:2    | Found Kukiesti's Distillery.
 22543 | Orc:2    | Found Axiunnus's Assorted Antiques.
 22548 | Orc:2    | Bought a potion of haste for 160 gold pieces
 22548 | Orc:2    | Bought a scroll of enchant weapon for 120 gold pieces
 22549 | Orc:2    | Bought a scroll labeled HEPYULLE AHIMP for 32 gold pieces
 22549 | Orc:2    | Bought a fuming emerald potion for 28 gold pieces
 22549 | Orc:2    | Bought a scroll labeled KUSTRI NINENONK for 32 gold pieces
 22750 | Orc:2    | Found a runed translucent gate.
 22751 | Orc:2    | Found a runed translucent gate.
 22751 | Orc:2    | Found an opulent altar of Gozag.
 22752 | Orc:2    | Found a runed translucent gate.
 22754 | Orc:2    | Found Laaleg's Assorted Antiques.
 22754 | Orc:2    | Noticed TsetAccount's ghost (journeyman MiFi)
 22995 | Orc:2    | Received a gift from Okawaru
 23335 | D:12     | Found a frozen archway.
 23341 | IceCv    | Entered an ice cave
 23362 | IceCv    | Reached skill level 18 in Slings
 23397 | IceCv    | Got a steaming morningstar
 23447 | IceCv    | Reached skill level 10 in Invocations
 23611 | IceCv    | Received a gift from Okawaru
 23825 | IceCv    | Noticed a frost giant
 23934 | IceCv    | Killed a frost giant
 23981 | IceCv    | Got a twisted buckler
 24009 | D:12     | Found a portal to a secret trove of treasure.
 24019 | D:12     | Found a flagged portal.
 24026 | Bailey   | Entered a bailey
 24555 | Bailey   | Reached XP level 16. HP: 113/113 MP: 23/23
 24557 | Bailey   | Identified the +2 morningstar of Attainder {crush, Dex+3}
                  | (You found it in an ice cave)
 24789 | D:12     | Noticed Nessos
 24796 | D:12     | Killed Nessos
 24826 | D:12     | Identified the +1 buckler "Lurghats" {rElec} (You found it
                  | in an ice cave)
 25099 | D:12     | You are sucked into a shaft and drop 3 floors!
 25099 | D:15     | Entered Level 15 of the Dungeon
 25113 | D:15     | Noticed Louise
 25444 | D:13     | Noticed Rupert
 25908 | D:12     | Found a transporter.
 25908 | D:12     | Found a transporter.
 25912 | D:12     | Found a roughly hewn altar of Beogh.
 26683 | D:12     | Killed from afar by a meliai

Levels and vault maps discovered:
D:1:      saegor_arrival_miasma, layout_loops_cross
D:2:      layout_basic, first_ration, nicolae_dithmenos_through_a_glass_darkly,
          uniq_terence
D:3:      layout_basic, gammafunk_temple_overflow_forgotten,
          grunt_decor_clamped, uniq_sigmund
D:4:      layout_loops_corners, makhleb_altar_promises_db, amethyst_killhole
D:5:      wander_river, layout_loops_cross, old_standard_altar
D:6:      layout_gridville, minmay_temple_entry_butterflies, serial_shops,
          nicolae_shop_behind_doors, shop, nicolae_shop_stone, kennysheep_mini,
          shop
D:7:      layout_basic, gammafunk_temple_overflow_pools, grunt_livestock
D:8:      layout_cave_pools, overflow_temple_1_default,
          ebering_ghost_reflecting_pool, minmay_parallelograms,
          kennysheep_small_square
D:9:      layout_layer_cave, gammafunk_ghost_hive, uniq_gastronok, uniq_harold
D:10:     layout_loops_ring, david_orc_5, uniq_grum
D:11:     layout_roguey, lair_entry_dummy, serial_corexii_hall,
          chequers_hall_statues_y, chequers_hall_statues_corner_a, minivault_13
D:12:     gammafunk_beogh_shrine, layout_cave_pods,
          portal_ice_cave_entry_pillars_2, enter_bailey_3,
          nicolae_trove_entry_crossroad, uniq_nessos, uniq_jorgrun
D:13:     layout_gridville, uniq_josephine, uniq_rupert, uniq_azrael
D:14:     layout_long_grid, hangedman_vaults_entry_quadrant_bands,
          minmay_misc_feat_five, serial_shops, shop_fountains
D:15:     hangedman_depths_entry_try_elsewhere_first, layout_long_grid,
          chequers_avenue, ebering_ghost_reflecting_pool, uniq_louise
Temple:   minmay_temple_curvy_branch
Lair:1:   layout_regular_city, basic_altar, beast_lair_carwin_11,
          serial_bayou_shore_b, serial_bayou_shore_a
Lair:2:   layout_chaotic_city
Lair:3:   layout_regular_city, serial_bayou_shore_b
Lair:4:   layout_gridlike, palyth_hydra_swamp_entry,
          minmay_snake_entry_guardpost_large, minmay_holes, grunt_megastairs_4
Lair:5:   layout_cave_pods, nicolae_slime_entry_slimehenge, ebering_ghost_xom
Lair:6:   gammafunk_lair_ancient_temple, layout_regular_city, uniq_urug
Orc:1:    layout_caves, sword_in_stone
Orc:2:    st_orc_mages, layout_caves, ebering_ghost_gozag

Skill      XL: |  1  2  3  4  5  6  7  8  9 10 11 12 13 14 15 |
---------------+----------------------------------------------+-----
Slings         | 6 7 13 14 15 16 17 18 | 18.4
Fighting       | 2 6 7 8 9 10 11 | 11.9
Dodging        | 3 7 8 9 10 11 12 13 | 13.7
Shields        | 1 3 4 5 6 8 11 | 11.2
Armour         | 2 4 6 7 8 9 10 | 10.9
Invocations    | 3 4 6 8 9 10 | 10.0
Stealth        | |  1.1

Action                   |  1- 3 |  4- 6 |  7- 9 | 10-12 | 13-15 | 16-18 || total
-------------------------+-------+-------+-------+-------+-------+-------++-------
Melee: Hunting sling     |       |       |       |     1 |       |       ||     1
 Fire: Hunting sling     |    72 |   133 |   400 |   890 |    22 |       ||  1517
       Fustibalus        |       |       |       |       |  1666 |   246 ||  1912
Invok: Heroism           |       |       |     1 |    10 |    25 |     2 ||    38
       Finesse           |       |       |       |     2 |     5 |       ||     7
Evoke: Wand              |       |       |       |       |       |     1 ||     1
  Use: Potion            |       |     3 |       |       |     5 |     2 ||    10
       Scroll            |       |       |       |     9 |     2 |    17 ||    28
  Eat: Chunk             |       |     2 |    13 |    19 |    24 |     1 ||    59
       Ration            |       |       |       |     1 |     2 |     1 ||     4
Armor: Leather armour    |     2 |     2 |     9 |     4 |       |       ||    17
       Scale mail        |       |       |       |    21 |   144 |    15 ||   180
Dodge: Dodged            |    11 |    24 |    69 |   194 |   646 |    98 ||  1042
       Deflected         |       |       |       |       |     4 |     2 ||     6
Block: Buckler           |       |       |    23 |   127 |    20 |       ||   170
       Shield            |       |       |       |       |   445 |    85 ||   530

Levels and vault maps discovered:
D:1:      saegor_arrival_miasma, layout_loops_cross
D:2:      layout_basic, first_ration, nicolae_dithmenos_through_a_glass_darkly,
          uniq_terence
D:3:      layout_basic, gammafunk_temple_overflow_forgotten,
          grunt_decor_clamped, uniq_sigmund
D:4:      layout_loops_corners, makhleb_altar_promises_db, amethyst_killhole
D:5:      wander_river, layout_loops_cross, old_standard_altar
D:6:      layout_gridville, minmay_temple_entry_butterflies, serial_shops,
          nicolae_shop_behind_doors, shop, nicolae_shop_stone, kennysheep_mini,
          shop
D:7:      layout_basic, gammafunk_temple_overflow_pools, grunt_livestock
D:8:      layout_cave_pools, overflow_temple_1_default,
          ebering_ghost_reflecting_pool, minmay_parallelograms,
          kennysheep_small_square
D:9:      layout_layer_cave, gammafunk_ghost_hive, uniq_gastronok, uniq_harold
D:10:     layout_loops_ring, david_orc_5, uniq_grum
D:11:     layout_roguey, lair_entry_dummy, serial_corexii_hall,
          chequers_hall_statues_y, chequers_hall_statues_corner_a, minivault_13
D:12:     gammafunk_beogh_shrine, layout_cave_pods,
          portal_ice_cave_entry_pillars_2, enter_bailey_3,
          nicolae_trove_entry_crossroad, uniq_nessos, uniq_jorgrun
D:13:     layout_gridville, uniq_josephine, uniq_rupert, uniq_azrael
D:14:     layout_long_grid, hangedman_vaults_entry_quadrant_bands,
          minmay_misc_feat_five, serial_shops, shop_fountains
D:15:     hangedman_depths_entry_try_elsewhere_first, layout_long_grid,
          chequers_avenue, ebering_ghost_reflecting_pool, uniq_louise
Temple:   minmay_temple_curvy_branch
Lair:1:   layout_regular_city, basic_altar, beast_lair_carwin_11,
          serial_bayou_shore_b, serial_bayou_shore_a
Lair:2:   layout_chaotic_city
Lair:3:   layout_regular_city, serial_bayou_shore_b
Lair:4:   layout_gridlike, palyth_hydra_swamp_entry,
          minmay_snake_entry_guardpost_large, minmay_holes, grunt_megastairs_4
Lair:5:   layout_cave_pods, nicolae_slime_entry_slimehenge, ebering_ghost_xom
Lair:6:   gammafunk_lair_ancient_temple, layout_regular_city, uniq_urug
Orc:1:    layout_caves, sword_in_stone
Orc:2:    st_orc_mages, layout_caves, ebering_ghost_gozag
